 Dungeon Crawl Stone Soup version 0.30-a0-422-g946f4849ff (webtiles) character file.

Game seed: 2433043283706188203

2381 Zonian the Nimble (level 9, -2/55 HPs)
             Began as a Djinni Ice Elementalist on Dec 9, 2022.
             Was an Initiate of Ashenzari.
             Slain by a manticore (5 damage)
             ... on level 9 of the Dungeon.
             The game lasted 00:21:56 (9825 turns).

Zonian the Nimble (Djinni Ice Elementalist)         Turns: 9825, Time: 00:21:56

Health: -2/55      AC:  7    Str:  7    XL:     9   Next: 73%
Gold:   314        EV: 17    Int: 20    God:    Ashenzari [......] SH:  0 Dex: 21

rFire   + + .      SeeInvis .    z - +2 dagger (drain)
rCold   . . .      Faith    .    (no shield)
rNeg    . . .      Spirit   .    e - +2 leather armour {rC+}
rPois   ∞          Reflect  .    (no helmet)
rElec   .          Harm     .    g - +1 cloak
rCorr   .          Rampage  .    (no gloves)
Will    .....                    (boots unavailable)
Stlth   ++++......               (no amulet)
HPRegen 0.29/turn                j - +6 ring of dexterity
MPRegen 0.00/turn                x - ring of wizardry

@: freezing walls, flying
A: sickness immunity, fire resistance 2, cold vulnerability 1, float, innate
caster, HP casting, extra vitality 1
a: Renounce Religion, Curse Item


You were on level 9 of the Dungeon.
You worshipped Ashenzari.
Ashenzari was noncommittal.
You visited 2 branches of the dungeon, and saw 10 of its levels.

You collected 356 gold pieces.
You spent 42 gold pieces at shops.

Inventory:

Hand Weapons
 f - a +0 short sword
 k - a +0 sling
 l - a +0 dagger of flaming
 p - a +0 war axe
 s - a +1 whip of flaming
 t - a +0 trident
 w - a +2 spear of freezing
 z - a +2 dagger of draining (weapon)
Missiles
 r - 4 poisoned darts
 u - 2 throwing nets
Armour
 a - a +0 robe
 e - a +2 leather armour of cold resistance (worn)
 g - a +1 cloak (worn)
Jewellery
 h - a ring of protection from cold
 j - a +6 ring of dexterity (left hand)
 m - a ring of positive energy
 n - a ring of see invisible
 q - a ring of ice
 x - a ring of wizardry (right hand)
Wands
 c - a wand of flame (18)
 A - a wand of charming (3)
Scrolls
 b - a scroll of blinking
 i - a scroll of fear
Potions
 d - a potion of haste
 o - a potion of attraction
 v - a potion of brilliance


   Skills:
 + Level 8.1 Dodging
 + Level 6.7 Stealth
 + Level 6.4 Spellcasting


You couldn't memorise any spells.
You knew the following spells:

 Your Spells              Type           Power      Damage    Failure   Level
a - Freeze                Ice            100%       1d10      1%          1
b - Frozen Ramparts       Ice            64%        1d10      1%          3
c - Ozocubu's Armour      Ice            32%        N/A       1%          3
d - Summon Ice Beast      Ice/Summ       32%        N/A       4%          4
e - Foxfire               Conj/Fire      100%       2x1d9     1%          1
f - Poisonous Vapours     Pois/Air       64%        N/A       1%          2
g - Ensorcelled Hibernat  Hex/Ice        64%        N/A       1%          2
h - Passage of Golubria   Tloc           32%        N/A       4%          4
Your spell library was empty.

Dungeon Overview and Level Annotations

Branches:
Dungeon (9/15)             Temple (1/1) D:6            Lair (0/5) D:8
    Orc: D:9-12

Altars:
Ashenzari
Cheibriados
Dithmenos
Elyvilon
Fedhas
Gozag
Hepliaklqana
Makhleb
Nemelex Xobeh
Okawaru
Qazlal
Ru
Trog
Uskayaw
Wu Jian
Xom
Zin
The Shining One

Shops:
D:2 *


Innate Abilities, Weirdness & Mutations

You are immune to sickness and miasma.
You are immune to poison.
Your flesh is very heat resistant. (rF++)
You are vulnerable to cold. (rC-)
You float through the air rather than walking.
You learn spells naturally, not from books.
Your magical power is your life essence.
You have superior vitality. (+4 MHP)


Message History

As you read the scroll of magic mapping, it crumbles to dust.
You feel aware of your surroundings.
Unknown command.
Found a scroll of magic mapping.
A white imp comes into view.
Found a stone staircase leading down.
There is a stone staircase leading down here.
You fly downwards.
You hear the roar of battle.
There is an entrance to a bailey on this level.
Hurry and find it before the portal closes forever!
You have a vision of a gate.
There is a stone staircase leading up here.
HP restored.
A cyclops is nearby!
Unknown command.
Found a book of Rime.
A manticore comes into view.
You see here 17 gold pieces.
Found an escape hatch in the floor.
The manticore bites you!!
The manticore claws you but does no damage.
The manticore barely misses you.
You hit the manticore.
The manticore is lightly wounded.
You hear the faint creaking of a very distant portcullis.
The manticore bites you.
The manticore claws you but does no damage.
The manticore claws you.
Unknown command.
Casting: Ozocubu's Armour (safe; 1% risk of failure)
Confirm with . or Enter, or press ? or * to list all spells.
Casting: Frozen Ramparts (safe; 1% risk of failure)
Press: ? - help, Dir - look around, f - activate The walls around you are covered in ice.
The wall freezes the manticore!
The manticore bites you!!
* * * LOW HITPOINT WARNING * * *
The manticore claws you!
* * * LOW HITPOINT WARNING * * *
The manticore claws you.
You die...

..##.##.......#
#..###..#####.#
##..#.#.#...#.#
.##..##$#.#.#.#
#.#.# #.#.....#
##.. #.###.###
# #.# #.# #.#
#.# #@# #.# #H#
#.#### #.#
#...<# #.#
###### #.# #>#
#.# #.#


You could see a manticore.

Vanquished Creatures
  Prince Ribbit (D:5)
  2 water moccasins
  2 black bears
  An ice beast (D:6)
  3 sky beasts
  2 phantoms
  A kobold brigand (D:8)
  2 scorpions (D:5)
  3 bullfrogs
  A wight (D:8)
  3 killer bees (D:7)
  2 howler monkeys
  4 hounds
  A gnoll bouda (D:7)
  3 iguanas
  5 orc wizards
  12 gnolls
  4 adders
  A shadow imp (D:5)
  An ufetubus (D:7)
  A worm (D:3)
  23 orcs
  8 ball pythons
  4 bats
  5 endoplasms
  5 giant cockroaches
  10 goblins
  8 hobgoblins
  7 jackals (D:1)
  5 quokkas
  7 frilled lizards
  10 kobolds
  4 rats
151 creatures vanquished.

Vanquished Creatures (others)
  222 foxfires
  4 fungi (D:1)
226 creatures vanquished.

Grand Total: 377 creatures vanquished

Notes
Turn   | Place    | Note
-------+----------+-------------------------------------------
     0 | D:1      | Zonian the Djinni Ice Elementalist began the quest for the
                  | Orb.
     0 | D:1      | Zonian set off with the following spells memorised: Freeze,
                  | Frozen Ramparts, Ozocubu's Armour, Summon Ice Beast.
     0 | D:1      | Reached XP level 1. HP: 15/15 MP: 0/0
   183 | D:1      | Reached XP level 2. HP: 18/21 MP: 0/0
   496 | D:1      | Reached XP level 3. HP: 22/25 MP: 0/0
   496 | D:1      | Learned a level 1 spell: Foxfire
  1171 | D:2      | Reached skill level 3 in Dodging
  1309 | D:2      | Reached XP level 4. HP: 31/31 MP: 0/0
  1376 | D:2      | Found Umpuu's General Store.
  1382 | D:2      | Bought a potion of curing for 42 gold pieces
  1834 | D:3      | Found a faded altar of an unknown god.
  2827 | D:3      | Reached XP level 5. HP: 31/35 MP: 0/0
  2827 | D:3      | Learned a level 2 spell: Poisonous Vapours
  4061 | D:4      | Reached skill level 4 in Dodging
  4061 | D:4      | Reached XP level 6. HP: 37/40 MP: 0/0
  4323 | D:5      | Entered Level 5 of the Dungeon
  4514 | D:5      | Noticed Prince Ribbit
  4528 | D:5      | Killed Prince Ribbit
  4529 | D:5      | Reached skill level 5 in Dodging
  4529 | D:5      | Reached XP level 7. HP: 9/45 MP: 0/0
  4529 | D:5      | Learned a level 2 spell: Ensorcelled Hibernation
  5005 | D:5      | Found a shadowy altar of Dithmenos.
  5405 | D:5      | Reached XP level 8. HP: 38/50 MP: 0/0
  5583 | D:6      | Reached skill level 5 in Spellcasting
  5651 | D:6      | Found a staircase to the Ecumenical Temple.
  5664 | Temple   | Entered the Ecumenical Temple
  5664 | Temple   | Found a transporter.
  5664 | Temple   | Found a transporter.
  5666 | Temple   | Found a transporter.
  5666 | Temple   | Found a transporter.
  5702 | Temple   | Became a worshipper of Ashenzari the Shackled
  5812 | D:6      | Reached skill level 6 in Dodging
  5907 | D:6      | Reached skill level 5 in Stealth
  6289 | D:6      | Found an opulent altar of Gozag.
  6971 | D:7      | Reached skill level 7 in Dodging
  6971 | D:7      | Reached XP level 9. HP: 33/55 MP: 0/0
  6971 | D:7      | Learned a level 4 spell: Passage of Golubria
  9232 | D:8      | Reached skill level 8 in Dodging
  9606 | D:8      | Found a staircase to the Lair.
  9606 | D:8      | Noticed an elephant
  9809 | D:9      | Noticed a cyclops
  9810 | D:9      | Noticed a boulder beetle
  9817 | D:9      | Noticed a manticore
  9825 | D:9      | Slain by a manticore

Illustrated notes

Levels and vault maps discovered:
D:1:      dpeg_arrival_water_fire, layout_basic, minmay_3d_cube
D:2:      layout_rooms, serial_shops, shop
D:3:      layout_basic, nicolae_ecumenical_snake_handling,
          minmay_strange_pillars, minivault_25
D:4:      layout_rooms, minmay_misc_feat_roman
D:5:      layout_cave_pods, nicolae_overflow_hidden_temple, uniq_prince_ribbit1
D:6:      layout_basic, grunt_gozag_breadcrumbs, minmay_temple_entry_mist,
          serial_rivers, chequers_serial_rivers_small_a,
          chequers_serial_rivers_large_a, chequers_serial_rivers_room_a,
          chequers_serial_rivers_micro_d, grunt_decor_junction
D:7:      layout_cave_pools
D:8:      layout_loops_ring, david_lair_generic, gammafunk_ghost_hive,
          eino_tiny_chamber, columned_hall_lemuel, nicolae_lava_and_water,
          grunt_ministairs_9, uniq_psyche, uniq_amaemon
D:9:      layout_basic, enter_bailey_2, hex_medium, minmay_diamond_spiral
Temple:   hellmonk_temple_divided_pantheon

Skill      XL: |  1  2  3  4  5  6  7  8  9 |
---------------+----------------------------+-----
Stealth        | 2 3 4 5 6 |  6.7
Dodging        | 3 4 5 7 8 |  8.1
Spellcasting   | 4 5 6 |  6.4

Action                   |  1- 3 |  4- 6 |  7- 9 || total
-------------------------+-------+-------+-------++-------
Melee: Unarmed           |    12 |       |       ||    12
       Short sword       |    24 |    29 |       ||    53
       Dagger            |       |     9 |    32 ||    41
       Whip              |       |       |    69 ||    69
       Punch             |       |       |     2 ||     2
       Spear             |       |       |   135 ||   135
 Cast: Freeze            |    37 |    17 |     7 ||    61
       Foxfire           |    16 |    88 |    28 ||   132
       Poisonous Vapours |       |     6 |     3 ||     9
       Frozen Ramparts   |       |       |    13 ||    13
       Ozocubu's Armour  |       |       |     3 ||     3
       Summon Ice Beast  |       |       |     2 ||     2
Evoke: Wand              |       |       |     1 ||     1
  Use: Scroll            |       |    11 |     8 ||    19
       Potion            |       |     2 |     5 ||     7
 Stab: Sleeping          |     1 |       |     5 ||     6
       Distracted        |       |     1 |     1 ||     2
Armor: Robe              |    14 |     7 |       ||    21
       Leather armour    |       |     5 |   108 ||   113
Dodge: Dodged            |    46 |    46 |   223 ||   315

Table legend: (Time is in decaauts)
 A = Elapsed time spent in this place.
 B = Non-inter-level travel time spent in this place.
 C = Inter-level travel time spent in this place.
 D = Time resting spent in this place.
 E = Time spent auto-exploring this place.
 F = Levels seen in this place.
 G = Mean time per level.
                   A        B        C        D        E       F      G
               +--------+--------+--------+--------+--------+-----+--------+
         Total |   9804 |   9549 |    255 |   3673 |   4109 |  10 |  980.4 |
       Dungeon |   9749 |   9494 |    255 |   3673 |   4109 |   9 | 1083.2 |
        Temple |     55 |     55 |      0 |      0 |      0 |   1 |   55.0 |
               +--------+--------+--------+--------+--------+-----+--------+

Top non-repeatable levels by time:
     D:6: 1944 daAuts
     D:3: 1713 daAuts
     D:7: 1573 daAuts
     D:5: 1250 daAuts
     D:1: 1154 daAuts
     D:2: 978 daAuts
     D:8: 627 daAuts
     D:4: 456 daAuts
  Temple: 55 daAuts
     D:9: 50 daAuts
